 Dungeon Crawl Stone Soup version 0.21.0-36-ge3e1d5aaab (webtiles) character file.

106 Jannitor the Thaumaturge (level 4, 0/32 HPs)
             Began as a Gnoll Wanderer on Jan 30, 2018.
             Slain by GuyWithAPlan's ghost (10 damage)
             ... on level 3 of the Dungeon.
             The game lasted 00:04:30 (2361 turns).

Jannitor the Thaumaturge (Gnoll Wanderer)           Turns: 2361, Time: 00:04:30

Health: 0/32       AC:  3    Str: 15    XL:     4   Next: 84%
Magic:  9/17       EV: 12    Int: 14    God:
Gold:   75         SH:  0    Dex: 15    Spells: 19/25 levels left

rFire    . . .     SeeInvis .   j - +2 dagger (speed)
rCold    . . .     Gourm    .   (no shield)
rNeg     . . .     Faith    .   d - +0 robe
rPois    .         Spirit   .   h - +0 helmet
rElec    .         Reflect  .   (no cloak)
rCorr    .         Harm     .   (no gloves)
MR       .....                  (no boots)
Stlth    ++........             (no amulet)
HPRegen  0.10/turn              (no ring)
MPRegen  0.15/turn              (no ring)

@: no status effects
A: distributed training, fangs 1, strong nose
a: no special abilities


You were on level 3 of the Dungeon.
You were not hungry.

You visited 1 branch of the dungeon, and saw 3 of its levels.

You collected 75 gold pieces.

Inventory:

Hand Weapons
 e - a +0 dagger
 j - a +2 dagger of speed (weapon)
Armour
 d - a +0 robe (worn)
 h - a +0 helmet (worn)
 u - a +0 pair of gloves
Scrolls
 c - a scroll of teleportation
 g - 2 scrolls of enchant armour {unknown}
 i - 4 scrolls of identify {unknown}
 m - a scroll of enchant weapon {unknown}
 n - a scroll of blinking {unknown}
 p - a scroll of fog {unknown}
 q - a scroll of remove curse {unknown}
 s - a scroll of immolation {unknown}
Potions
 k - 2 potions of curing {unknown}
 l - 2 potions of heal wounds {unknown}
 o - a potion of degeneration {unknown}
 r - a potion of berserk rage {unknown}
 t - a potion of haste {unknown}
 v - a potion of agility {unknown}
Books
 a - a book of Conjurations

   Spells                             Type                      Level
   a - Magic Dart                     Conjuration                  1
   b - Searing Ray                    Conjuration                  2
   c - Dazzling Spray                 Conjuration/Hexes            3
   d - Fulminant Prism                Conjuration/Hexes            4
   e - Force Lance                    Conjuration/Translocation    4
   f - Iskenderun's Mystic Blast      Conjuration                  4
 b - the Almanac of Poison

   Spells                             Type                      Level
   a - Sting                          Conjuration/Poison           1
   b - Spider Form                    Transmutation/Poison         3
Comestibles
 f - 2 rations


   Skills:
 + Level 1.2 Fighting
 + Level 1.2 Short Blades
 + Level 1.2 Long Blades
 + Level 1.2 Axes
 + Level 1.2 Maces & Flails
 + Level 1.2 Polearms
 + Level 1.2 Staves
 + Level 1.2 Slings
 + Level 1.2 Bows
 + Level 1.2 Crossbows
 + Level 1.2 Throwing
 + Level 1.2 Armour
 + Level 1.2 Dodging
 + Level 1.2 Stealth
 + Level 2.8 Shields
 + Level 1.2 Unarmed Combat
 + Level 11.2 Spellcasting
 + Level 3.9 Conjurations
 + Level 1.0 Hexes
 + Level 1.0 Charms
 + Level 1.0 Summonings
 + Level 1.0 Necromancy
 + Level 1.0 Translocations
 + Level 1.0 Transmutations
 + Level 1.0 Fire Magic
 + Level 1.0 Ice Magic
 + Level 1.0 Air Magic
 + Level 1.0 Earth Magic
 + Level 2.3 Poison Magic
 + Level 1.3 Invocations
 + Level 2.8 Evocations


You had 19 spell levels left.
You knew the following spells:

 Your Spells              Type           Power        Failure   Level  Hunger
a - Sting                 Conj/Pois      ###.         2%          1    None
b - Spider Form           Tmut/Pois      ##........   14%         3    None
c - Searing Ray           Conj           ###...       2%          2    None


Dungeon Overview and Level Annotations

Branches:
Dungeon (3/15)

Altars:
Ru

Annotations:
D:3 GuyWithAPlan's ghost, amateur MfGl


Innate Abilities, Weirdness & Mutations

Your experience applies equally to all skills.
You have very sharp teeth.
Your uncanny sense of smell can sniff out nearby items.


Message History

GuyWithAPlan's ghost hits you!
Unknown command.
The searing ray hits GuyWithAPlan's ghost.
GuyWithAPlan's ghost is heavily damaged.
You finish channeling your searing ray.
GuyWithAPlan's ghost hits you.
Unknown command.
Casting: Searing Ray
Confirm with . or Enter, or press ? or * to list all spells.
Aiming: Searing Ray
Press: ? - help, Shift-Dir - straight line, f/p - GuyWithAPlan's ghost
Aim: GuyWithAPlan's ghost (heavily damaged)
The searing ray hits GuyWithAPlan's ghost.
GuyWithAPlan's ghost is heavily damaged. (Press . to maintain the ray.) GuyWithAPlan's ghost hits you.
Unknown command.
The searing ray hits GuyWithAPlan's ghost.
GuyWithAPlan's ghost is heavily damaged.
GuyWithAPlan's ghost hits you!
You die...

#.# #.# ..... ###.### .....
##.....## .....####
##.......## # ..........#.
#.........# .# ....##....#.
#.........##.#.............
#.....).............#......
#.........@#..#.#..........
#..........W..#.#........#.
##.........#.##.#...(....#.
#.........##....#......####
#.........# ##.#........#.
#.........####..#.....>....
#.(.......##......#####...#
#.........##......# #.#.#
##....†.†###......# #.#.#


You could see GuyWithAPlan's ghost.

Vanquished Creatures
  An orc priest (D:1)
  An adder (D:2)
  An ooze (D:2)
  2 worms (D:2)
  A dart slug (D:1)
  2 leopard geckos (D:1)
  4 orcs (D:2)
  A giant cockroach (D:3)
  5 goblins
  4 hobgoblins
  4 jackals (D:2)
  8 kobolds
  2 quokkas (D:2)
  A ball python (D:1)
  3 bats
  6 frilled lizards
  4 rats
50 creatures vanquished.

Notes
Turn   | Place    | Note
-------+----------+-------------------------------------------
     0 | D:1      | Reached skill level 11 in Spellcasting
     0 | D:1      | Jannitor the Gnoll Wanderer began the quest for the Orb.
     0 | D:1      | Jannitor set off with: a book of Conjurations, the Almanac of Poison, a scroll of teleportation, a +0 robe, a +0 dagger, a ration
     0 | D:1      | Reached XP level 1. HP: 13/13 MP: 12/12
     0 | D:1      | Identified the Almanac of Poison
     2 | D:1      | Learned a level 1 spell: Sting
   111 | D:1      | Reached XP level 2. HP: 19/19 MP: 12/14
   582 | D:1      | Reached XP level 3. HP: 25/25 MP: 12/15
   712 | D:1      | Reached skill level 1 in Fighting
   712 | D:1      | Reached skill level 1 in Short Blades
   712 | D:1      | Reached skill level 1 in Long Blades
   712 | D:1      | Reached skill level 1 in Axes
   712 | D:1      | Reached skill level 1 in Maces & Flails
   712 | D:1      | Reached skill level 1 in Polearms
   712 | D:1      | Reached skill level 1 in Staves
   712 | D:1      | Reached skill level 1 in Slings
   712 | D:1      | Reached skill level 1 in Bows
   712 | D:1      | Reached skill level 1 in Crossbows
   712 | D:1      | Reached skill level 1 in Throwing
   712 | D:1      | Reached skill level 1 in Armour
   712 | D:1      | Reached skill level 1 in Dodging
   712 | D:1      | Reached skill level 1 in Stealth
   712 | D:1      | Reached skill level 1 in Unarmed Combat
   712 | D:1      | Reached skill level 1 in Invocations
  1065 | D:2      | Reached XP level 4. HP: 32/32 MP: 11/17
  1608 | D:2      | Learned a level 3 spell: Spider Form
  1842 | D:2      | Reached skill level 1 in Hexes
  1842 | D:2      | Reached skill level 1 in Charms
  1842 | D:2      | Reached skill level 1 in Summonings
  1842 | D:2      | Reached skill level 1 in Necromancy
  1842 | D:2      | Reached skill level 1 in Translocations
  1842 | D:2      | Reached skill level 1 in Transmutations
  1842 | D:2      | Reached skill level 1 in Fire Magic
  1842 | D:2      | Reached skill level 1 in Ice Magic
  1842 | D:2      | Reached skill level 1 in Air Magic
  1842 | D:2      | Reached skill level 1 in Earth Magic
  2213 | D:3      | Found a sacrificial altar of Ru.
  2285 | D:3      | Noticed GuyWithAPlan's ghost (amateur MfGl)
  2337 | D:3      | Learned a level 2 spell: Searing Ray
  2361 | D:3      | Slain by GuyWithAPlan's ghost

Skill      XL: |  1  2  3  4 |
---------------+-------------+-----
Spellcasting   | | 11.2
Poison Magic   | 2 |  2.3
Fighting       | 1 |  1.2
Short Blades   | 1 |  1.2
Long Blades    | 1 |  1.2
Axes           | 1 |  1.2
Maces & Flails | 1 |  1.2
Polearms       | 1 |  1.2
Staves         | 1 |  1.2
Slings         | 1 |  1.2
Bows           | 1 |  1.2
Crossbows      | 1 |  1.2
Throwing       | 1 |  1.2
Armour         | 1 |  1.2
Dodging        | 1 |  1.2
Stealth        | 1 |  1.2
Unarmed Combat | 1 |  1.2
Invocations    | 1 |  1.3
Hexes          | 1 |  1.0
Charms         | 1 |  1.0
Summonings     | 1 |  1.0
Necromancy     | 1 |  1.0
Translocations | 1 |  1.0
Transmutations | 1 |  1.0
Fire Magic     | 1 |  1.0
Ice Magic      | 1 |  1.0
Air Magic      | 1 |  1.0
Earth Magic    | 1 |  1.0
Shields        | |  2.8
Conjurations   | |  3.9
Evocations     | |  2.8

Action                   |  1- 3 |  4- 6 || total
-------------------------+-------+-------++-------
 Cast: Sting             |    56 |    67 ||   123
       Searing Ray       |       |     2 ||     2
  Eat: Ration            |       |     1 ||     1
       Chunk             |       |     1 ||     1
Armor: Robe              |     4 |     3 ||     7
Dodge: Dodged            |    10 |    12 ||    22
